 Dungeon Crawl Stone Soup version 0.25-a0-488-g03579ab (webtiles) character file.

Game seed: 12779183039072770884, levelgen mode: deterministic

1845 wolfsongas the Fighter (level 8, -1/73 (74) HPs)
             Began as a Demonspawn Gladiator on Feb 11, 2020.
             Was a Follower of Okawaru.
             Slain by Edmund
             ... wielding a +6 dire flail of holy wrath
              (13 damage)
             ... on level 6 of the Dungeon.
             The game lasted 00:09:50 (6201 turns).

wolfsongas the Fighter (Demonspawn Gladiator)       Turns: 6201, Time: 00:09:51

HP:   -1/73 (74)    AC:  9    Str: 16 (17) XL:     8   Next: 88%
MP:   0/8           EV: 13    Int:  8 (9)  God:    Okawaru [*.....]
Gold: 369           SH:  0    Dex: 15 (17) Spells: 7/7 levels left

rFire    . . .     SeeInvis +   i - +1 whip (freeze)
rCold    + . .     Gourm    .   (no shield)
rNeg     . . .     Faith    .   l - +0 scale mail
rPois    .         Spirit   +   (helmet restricted)
rElec    .         Reflect  .   n - +1 cloak
rCorr    .         Harm     .   (no gloves)
MR       +....                  (no boots)
Stlth    ..........             (no amulet)
HPRegen  0.22/turn              k - +3 ring of evasion
MPRegen  0.11/turn              m - ring of see invisible

@: no status effects
A: antennae 2, rugged brown scales 1, agile 1, cold resistance 1, magic
resistance 1, magic shield, freezing cloud immunity
a: Heroism, Renounce Religion


You were on level 6 of the Dungeon.
You worshipped Okawaru.
Okawaru was aware of your devotion.
You were not hungry.

You visited 2 branches of the dungeon, and saw 7 of its levels.

You collected 369 gold pieces.

Inventory:

Hand Weapons
 i - a +1 whip of freezing (weapon)
Missiles
 d - 3 throwing nets (quivered)
Armour
 l - a +0 scale mail (worn)
 n - a +1 cloak (worn)
Jewellery
 a - a +3 ring of intelligence
 k - a +3 ring of evasion (left hand)
 m - a ring of see invisible (right hand)
 o - an uncursed ring of fire
Wands
 c - a wand of scattershot (2)
 j - a wand of iceblast (7)
Scrolls
 b - 3 scrolls of teleportation
Potions
 e - a potion of brilliance
 g - 4 potions of curing
Comestibles
 f - 7 rations
 h - 3 chunks of flesh


   Skills:
 * Level 9.8 Fighting
 + Level 6.1 Maces & Flails
 - Level 1.7 Throwing
 + Level 1.5 Armour
 - Level 2.6 Dodging


You had 7 spell levels left.
You didn't know any spells.
Your spell library was empty.

Dungeon Overview and Level Annotations

Branches:
Dungeon (6/15)             Temple (1/1) D:5

Altars:
Cheibriados
Dithmenos
Elyvilon
Fedhas
Gozag
Hepliaklqana
Kikubaaqudgha
Makhleb
Nemelex Xobeh
Okawaru
Qazlal
Sif Muna
Trog
Uskayaw
Vehumet
Wu Jian
Xom
Yredelemnul
Zin
The Shining One

Shops:
D:4 %

Annotations:
D:6 Edmund


Innate Abilities, Weirdness & Mutations

You have a pair of antennae on your head.
You are partially covered in rugged brown scales. (AC +1, +3% HP)
Your flesh is cold resistant. (rC+)
When hurt, damage is shared between your health and your magic reserves.
You are immune to freezing clouds.
You are agile. (Dex +2)
You are resistant to hostile enchantments. (MR+)


Message History

Edmund is severely wounded.
You hit Edmund but do no damage.
Edmund is severely wounded.
Edmund misses you.
You hit Edmund. You freeze Edmund.
Edmund is severely wounded.
Edmund hits you with a +6 dire flail of holy wrath!
You convulse.
You hit Edmund. You freeze Edmund.
Edmund is almost dead.
Edmund hits you with a +6 dire flail of holy wrath.
* * * LOW HITPOINT WARNING * * *
You convulse.
* * * LOW HITPOINT WARNING * * *
You hit Edmund but do no damage.
Edmund is almost dead.
You hit Edmund but do no damage.
Edmund is almost dead.
Edmund hits you with a +6 dire flail of holy wrath!
You die...

#.# ###.##
{ ##..#.##
{
####..###.#
+......#.##
####....#
#....#
#....#
####@# #@#
#.# #.# #.#
#.# ..# ###


You could see Edmund.

Vanquished Creatures
  Pikel (D:4)
  Grinder (D:5)
  Eustachio (D:4)
  Duvessa (D:4)
  An ogre (D:4)
  A necrophage (D:5)
  A centaur (D:5)
  A bullfrog (D:6)
  Dowan (D:4)
  A howler monkey (D:4)
  2 bullfrog zombies
  Crazy Yiuf (D:5)
  3 hounds (D:5)
  2 bullfrog skeletons
  3 iguanas
  Ijyb (D:5)
  A worker ant zombie (D:5)
  10 adders
  4 shadow imps
  2 oozes
  An adder skeleton (D:5)
  4 worms
  6 leopard geckos
  3 orcs
  2 ball pythons
  4 giant cockroaches
  6 hobgoblins
  4 quokkas
  A ball python skeleton (D:4)
  9 bats
  4 frilled lizards
  4 goblins
  8 kobolds
  5 rats
  A fungus (D:5)
101 creatures vanquished.

Vanquished Creatures (others)
  An adder (D:4)
1 creature vanquished.

Grand Total: 102 creatures vanquished

Notes
Turn   | Place    | Note
-------+----------+-------------------------------------------
     0 | D:1      | wolfsongas the Demonspawn Gladiator began the quest for the
                  | Orb.
     0 | D:1      | Reached XP level 1. HP: 16/16 MP: 1/1
   300 | D:1      | Gained mutation: You have a pair of small antennae on your
                  | head. [demonic ancestry]
   300 | D:1      | Reached XP level 2. HP: 23/23 MP: 2/2
   444 | D:1      | Reached skill level 3 in Fighting
  1035 | D:2      | Reached XP level 3. HP: 23/29 MP: 3/3
  1290 | D:2      | Reached skill level 4 in Fighting
  1324 | D:2      | Gained mutation: You are resistant to hostile enchantments.
                  | (MR+) [potion of mutation]
  1324 | D:2      | Gained mutation: You are agile. (Dex +2) [potion of
                  | mutation]
  1614 | D:3      | Gained mutation: You have a pair of antennae on your head.
                  | [demonic ancestry]
  1614 | D:3      | Reached XP level 4. HP: 25/38 MP: 4/4
  1958 | D:3      | Reached skill level 5 in Fighting
  2024 | D:3      | Gained mutation: Your flesh is cold resistant. (rC+)
                  | [demonic ancestry]
  2024 | D:3      | Reached XP level 5. HP: 41/44 MP: 5/5
  2467 | D:3      | Found a shadowy altar of Dithmenos.
  2684 | D:4      | Noticed a slave
  2684 | D:4      | Noticed a slave
  2684 | D:4      | Noticed Pikel
  2685 | D:4      | Noticed a slave
  2701 | D:4      | Noticed a slave
  2711 | D:4      | Killed Pikel
  2711 | D:4      | Reached skill level 7 in Fighting
  2711 | D:4      | Gained mutation: When hurt, damage is shared between your
                  | health and your magic reserves. [demonic ancestry]
  2711 | D:4      | Reached XP level 6. HP: 27/55 MP: 6/6
  2711 | D:4      | Gained mutation: You are partially covered in rugged brown
                  | scales. (AC +1, +3% HP) [demonic ancestry]
  2711 | D:4      | Reached XP level 7. HP: 27/61 MP: 7/7
  3211 | D:4      | Noticed Duvessa
  3211 | D:4      | Noticed Dowan
  3232 | D:4      | Killed Dowan
  3249 | D:4      | Killed Duvessa
  3440 | D:4      | Found Uruckel's Food Shop.
  3466 | D:4      | Reached skill level 8 in Fighting
  3503 | D:4      | Noticed Eustachio
  3546 | D:4      | Killed Eustachio
  3546 | D:4      | Reached skill level 5 in Maces & Flails
  3546 | D:4      | Gained mutation: You are immune to freezing clouds.
                  | [demonic ancestry]
  3546 | D:4      | Reached XP level 8. HP: 25/71 MP: 3/8
  3802 | D:4      | Found a hide-covered altar of Uskayaw.
  3814 | D:5      | Entered Level 5 of the Dungeon
  3814 | D:5      | Found a staircase to the Ecumenical Temple.
  4081 | Temple   | Entered the Ecumenical Temple
  4267 | Temple   | Became a worshipper of Warmaster Okawaru
  4319 | D:5      | Noticed Ijyb
  4330 | D:5      | Killed Ijyb
  4375 | D:5      | Noticed Grinder
  4390 | D:5      | Paralysed by Grinder for 6 turns
  4427 | D:5      | Paralysed by Grinder for 6 turns
  4437 | D:5      | Killed Grinder
  4437 | D:5      | Reached skill level 9 in Fighting
  5032 | D:5      | Found a sparkling altar of Nemelex Xobeh.
  5249 | D:5      | Reached * piety under Okawaru
  5305 | D:5      | Reached skill level 1 in Armour
  5414 | D:5      | Found an ornate altar of the Wu Jian Council.
  6035 | D:5      | Found a runed translucent door.
  6036 | D:5      | Noticed Crazy Yiuf
  6042 | D:5      | Killed Crazy Yiuf
  6180 | D:6      | Noticed Edmund
  6201 | D:6      | Slain by Edmund

Levels and vault maps discovered:
D:1:      shiori_arrival_maze, layout_rooms
D:2:      layout_basic, first_ration
D:3:      layout_loops_corners, lemuel_coloured_pillars_altar
D:4:      layout_loops_cross, kennysheep_little_box, serial_shops,
          shop_fountains, uniq_duvessa, uniq_eustachio, uniq_pikel
D:5:      layout_layer_cave, marbit_many_paths,
          nemelex_xobeh_ov_fountains_minmay,
          minmay_temple_entry_drinking_statues, uniq_crazy_yiuf_cottage,
          uniq_ijyb, uniq_grinder
D:6:      layout_loops_corners, kennysheep_mini, uniq_edmund
Temple:   eino_temple_rhombus

Skill      XL: |  1  2  3  4  5  6  7  8 |
---------------+-------------------------+-----
Fighting       | 3 4 5 7 8 9 |  9.8
Maces & Flails | 4 5 6 |  6.1
Armour         | 1 |  1.5
Throwing       | |  1.7
Dodging        | |  2.6

Action                   |  1- 3 |  4- 6 |  7- 9 || total
-------------------------+-------+-------+-------++-------
Melee: Flail             |   143 |    80 |       ||   223
       Whip              |       |       |   335 ||   335
  Use: Scroll            |     8 |     2 |     2 ||    12
       Potion            |     4 |       |     5 ||     9
  Eat: Chunk             |     2 |     2 |     3 ||     7
       Ration            |       |     1 |     2 ||     3
Armor: Leather armour    |    14 |       |       ||    14
       Skin              |     7 |       |     7 ||    14
       Ring mail         |    36 |    12 |       ||    48
       Scale mail        |       |    12 |    82 ||    94
Dodge: Dodged            |   124 |    52 |   203 ||   379

Table legend:
 A = Non-vault XP
 B = Vault XP
 C = Vault XP percentage of total XP
 D = Non-vault monster count
 E = Vault monster count
 F = Vault count percentage of total count
                 A         B        C        D         E       F
            +---------+---------+-------+---------+---------+-------
      Total |    1189 |    1447 |  54.9 |      90 |      10 |  10.0
            +---------+---------+-------+---------+---------+-------
        D:1 |      25 |       3 |  10.7 |      17 |       2 |  10.5
        D:2 |      63 |       0 |   0.0 |      22 |       0 |   0.0
        D:3 |     119 |       0 |   0.0 |      18 |       0 |   0.0
        D:4 |     290 |    1041 |  78.2 |      11 |       4 |  26.7
        D:5 |     576 |     403 |  41.2 |      19 |       4 |  17.4
        D:6 |     116 |       0 |   0.0 |       3 |       0 |   0.0
            +---------+---------+-------+---------+---------+-------
